Punishers vs Carnivores
Created - January 16, 2020 at 19:19
Goals
|
| Punishers |
0 |
1 |
1 |
2 |
| Carnivores |
0 |
3 |
1 |
4 |
|
Shots
|
| Punishers |
13 |
7 |
11 |
31 |
| Carnivores |
9 |
16 |
10 |
35 |
|
1st period
No Goal
Penalties :
No Penalty
2nd period
1. Carnivores , Jeremy Welsh 13 (Joel Armia 14, Anton Gustafsson 23) at 6:14
2. Punishers , Garret Ross 13 (Austen Brassard 5) at 7:12
3. Carnivores , Blake Geoffrion 26 (Chris Lawrence 28, Scott Laughton 10) at 12:48
4. Carnivores , Jeremy Welsh 14 (Anton Gustafsson 24, David Fischer 17) at 12:54
Penalties :
Carter Ashton (Pro) for Holding (Minor) at 15:45, Zack Hamill (Pro) for Tripping (Minor) at 16:22
3rd period
5. Punishers , Adam Pelech 5 (Robbie Earl 9, Carter Ashton 16) at 4:36 (PP)
6. Carnivores , Scott Laughton 9 (David Fischer 18, Blake Geoffrion 20) at 15:30 (PP)
Penalties :
Adam Pelech (Pro) for Boarding (Minor) at 0:22, Hunter Shinkaruk (Bre) for Hooking (Minor) at 4:31, Chris Lawrence (Bre) for Goalie Interference (Minor) at 6:00, Carter Ashton (Pro) for Holding (Minor) at 15:13
Goalie Stats
Louis Domingue (Pro), 31 saves from 35 shots - (0.886), L, 15-12-2, 60:00 minutes
Tristan Jarry (Bre), 29 saves from 31 shots - (0.935), W, 4-6-1, 60:00 minutes
Players Stats for Punishers
Player Name G A P +/- PIM S H SB GA TA FO MP PP MP PK MP
------------------------------------------------------------------------------------
Adam Pelech 1 0 1 0 2 3 3 3 1 0 0/0 25:21 1:13 1:45
Alex Schoenborn 0 0 0 0 0 0 1 0 0 0 0/0 7:53 0:00 0:00
Austen Brassard 0 1 1 -1 0 1 6 0 1 1 0/1 16:45 0:53 0:00
Carter Ashton 0 1 1 -1 4 3 4 1 0 1 1/1 17:13 1:04 0:26
Daniel Audette 0 0 0 0 0 1 0 0 0 0 1/3 7:53 0:00 0:00
Dylan DeMelo 0 0 0 -1 0 0 1 2 0 0 0/0 15:42 0:00 0:45
Garret Ross 1 0 1 -1 0 4 6 0 1 0 1/1 17:23 0:53 0:26
John Macfarland 0 0 0 0 0 0 0 0 0 0 0/0 0:56 0:07 0:21
John Quenneville 0 0 0 0 0 1 1 0 0 0 4/8 13:23 0:00 0:20
Jordan Schmaltz 0 0 0 0 0 3 2 1 0 1 0/0 25:35 0:51 2:09
Madison Bowey 0 0 0 -1 0 2 2 2 0 1 0/0 21:24 0:51 2:06
Michael Joly 0 0 0 0 0 0 1 0 0 0 0/0 14:07 0:00 0:00
Nikita Gusev 0 0 0 0 0 0 1 0 0 0 0/1 9:30 0:00 1:09
Radek Faksa 0 0 0 -1 0 5 0 0 0 0 4/11 17:57 0:53 0:51
Robbie Earl 0 1 1 -1 0 2 0 0 1 0 2/2 19:58 1:11 2:43
Slava Voynov 0 0 0 -2 0 4 3 2 0 0 0/0 30:19 1:13 2:59
Tyler Bertuzzi 0 0 0 0 0 0 1 1 0 0 0/0 13:03 0:00 0:00
Zack Hamill 0 0 0 -1 2 2 2 0 2 1 15/24 19:20 1:11 2:05
Players Stats for Carnivores
Player Name G A P +/- PIM S H SB GA TA FO MP PP MP PK MP
------------------------------------------------------------------------------------
Andreas Englund 0 0 0 0 0 0 1 1 0 3 0/0 14:36 0:00 1:07
Anton Gustafsson 0 2 2 2 0 2 5 1 0 0 3/10 14:57 0:00 1:03
Blake Geoffrion 1 1 2 0 0 5 1 0 1 0 1/3 21:35 2:59 1:03
Chris Lawrence 0 1 1 0 2 3 2 1 1 0 1/1 20:37 2:59 0:00
Curtis Lazar 0 0 0 0 0 1 1 0 0 0 3/4 10:38 0:00 0:00
David Fischer 0 2 2 1 0 3 2 3 0 1 0/0 26:30 3:09 1:07
Hunter Shinkaruk 0 0 0 0 2 0 0 1 0 0 0/0 10:53 0:00 0:16
Jeremy Welsh 2 0 2 2 0 4 3 1 2 0 1/1 15:22 1:53 0:00
Joel Armia 0 1 1 2 0 4 0 1 1 0 1/2 15:46 1:53 0:00
Mark McNeill 0 0 0 0 0 0 2 0 0 0 0/1 11:18 0:00 0:25
Markus Granlund 0 0 0 0 0 1 0 0 0 0 2/7 12:10 0:40 0:00
Mat Clark 0 0 0 2 0 0 2 1 0 0 0/0 22:12 1:43 0:57
Mattias Backman 0 0 0 0 0 0 0 0 0 2 0/0 14:08 0:00 0:00
Nicolas Kerdiles 0 0 0 0 0 0 1 0 0 0 0/0 11:43 0:00 0:44
Oskar Lindblom 0 0 0 0 0 0 0 0 0 0 0/0 1:08 1:08 0:00
Riley Barber 0 0 0 0 0 1 2 0 0 0 0/0 10:38 0:00 0:00
Scott Laughton 1 1 2 0 0 7 2 0 0 0 12/23 21:08 3:04 0:37
T.J Brodie 0 0 0 1 0 1 2 3 0 0 0/0 19:22 1:43 0:57
Tony DeAngelo 0 0 0 0 0 3 1 1 0 0 0/0 22:10 2:52 0:00
Trevor Van Riemsdyk 0 0 0 0 0 0 0 0 0 0 0/0 1:02 0:17 0:00
3 Stars
1 - Jeremy Welsh (Bre)
2 - Anton Gustafsson (Bre)
3 - Scott Laughton (Bre)
Power Play
Punishers - 1 on 3 Attempt(s) - 33.33%
Carnivores - 1 on 3 Attempt(s) - 33.33%
Penalty Kill
Punishers - 2 on 3 Attempt(s) - 66.67%
- Score 0 goal in Penalty Kill
Carnivores - 2 on 3 Attempt(s) - 66.67%
- Score 0 goal in Penalty Kill
Team Stat
Punishers - Hits : 34 - Faceoff Wins : 28 - Blocked Shots : 12 - Penalty Minutes : 8
Carnivores - Hits : 27 - Faceoff Wins : 24 - Blocked Shots : 14 - Penalty Minutes : 4
Official
Referees : Unknown
Linesman : Unknown
Game Notes
19:11 of 2nd period - Penalty Shot by Anton Gustafsson for Carnivores - Shot Misses the Net
Finance
Level 1 -- Attendance: 1338 (66.90%) -- Ticket Income $53,520
Level 2 -- Attendance: 651 (65.10%) -- Ticket Income $13,020
Total Attendance: 1989 (66.30%)
Total Ticket Income: $66,540
Other Income: $3,327
Total Income: $69,867
Punishers
5 vs 5 Forward
Center Left Wing Right Wing Time % Phy DF OF
1 Zack Hamill Robbie Earl Carter Ashton 40 1 2 2
2 Radek Faksa Garret Ross Austen Brassard 30 1 2 2
3 John Quenneville Tyler Bertuzzi Michael Joly 20 1 2 2
4 Daniel Audette Nikita Gusev Alex Schoenborn 10 1 2 2
5 vs 5 Defense
Defense Defense Time % Phy DF OF
1 Slava Voynov Adam Pelech 40 1 2 2
2 Jordan Schmaltz Madison Bowey 30 1 2 2
3 Dylan DeMelo Slava Voynov 20 1 2 2
4 Adam Pelech Jordan Schmaltz 10 1 2 2
PowerPlay Forward
Center Left Wing Right Wing Time % Phy DF OF
1 Zack Hamill Robbie Earl Carter Ashton 60 1 2 2
2 Radek Faksa Garret Ross Austen Brassard 40 1 2 2
PowerPlay Defense
Defense Defense Time % Phy DF OF
1 Slava Voynov Adam Pelech 60 1 2 2
2 Jordan Schmaltz Madison Bowey 40 1 2 2
Penalty Kill 4 Players Forward
Center Wing Time % Phy DF OF
1 Zack Hamill Robbie Earl 60 1 2 2
2 Carter Ashton Garret Ross 40 1 2 2
Penalty Kill 4 Players Defense
Defense Defense Time % Phy DF OF
1 Slava Voynov Adam Pelech 60 1 2 2
2 Jordan Schmaltz Madison Bowey 40 1 2 2
Penalty Kill - 3 Players Forward
Forward Time % Phy DF OF
1 Zack Hamill 60 1 2 2
2 Robbie Earl 40 1 2 2
Penalty Kill - 3 Players Defense
Defense Defense Time % Phy DF OF
1 Slava Voynov Adam Pelech 60 1 2 2
2 Jordan Schmaltz Madison Bowey 40 1 2 2
4 vs 4 Forward
Center Wing Time % Phy DF OF
1 Zack Hamill Robbie Earl 60 1 2 2
2 Carter Ashton Garret Ross 40 1 2 2
4 vs 4 Defense
Defense Defense Time % Phy DF OF
1 Slava Voynov Adam Pelech 60 1 2 2
2 Jordan Schmaltz Madison Bowey 40 1 2 2
Last Minutes Offensive
Center Left Wing Right Wing Defense Defense
Zack Hamill Robbie Earl Carter Ashton Slava Voynov Adam Pelech
Last Minutes Defensive
Center Left Wing Right Wing Defense Defense
Zack Hamill Robbie Earl Carter Ashton Slava Voynov Adam Pelech
Goaltenders
Starting : Louis Domingue
Backup : Daniel Altshuller
Extra Forwards
Normal : John Macfarland, Tyler Bertuzzi, Nikita Gusev - PP : John Macfarland, Tyler Bertuzzi - PK : Nikita Gusev
Extra Defensemen
Normal : Dylan DeMelo, Madison Bowey, Slava Voynov - PP : Dylan DeMelo - PK : Madison Bowey, Slava Voynov
Penalty Shots
Zack Hamill, Robbie Earl, Carter Ashton, Garret Ross, Radek Faksa
Scratches
Andreas Athanasiou (Healthy), Miikka Salomaki (Healthy), Ben Betker (Back Injury)
Carnivores
5 vs 5 Forward
Center Left Wing Right Wing Time % Phy DF OF
1 Scott Laughton Blake Geoffrion Chris Lawrence 40 1 2 2
2 Anton Gustafsson Jeremy Welsh Joel Armia 30 1 2 2
3 Markus Granlund Nicolas Kerdiles Mark McNeill 20 1 2 2
4 Curtis Lazar Hunter Shinkaruk Riley Barber 10 1 2 2
5 vs 5 Defense
Defense Defense Time % Phy DF OF
1 Mat Clark David Fischer 40 1 2 2
2 Tony DeAngelo T.J Brodie 30 1 2 2
3 Andreas Englund Mattias Backman 20 1 2 2
4 Tony DeAngelo David Fischer 10 1 2 2
PowerPlay Forward
Center Left Wing Right Wing Time % Phy DF OF
1 Scott Laughton Blake Geoffrion Chris Lawrence 60 1 2 2
2 Scott Laughton Jeremy Welsh Joel Armia 40 1 2 2
PowerPlay Defense
Defense Defense Time % Phy DF OF
1 Tony DeAngelo David Fischer 60 1 2 2
2 Mat Clark T.J Brodie 40 1 2 2
Penalty Kill 4 Players Forward
Center Wing Time % Phy DF OF
1 Blake Geoffrion Anton Gustafsson 60 1 2 2
2 Chris Lawrence Mark McNeill 40 1 2 2
Penalty Kill 4 Players Defense
Defense Defense Time % Phy DF OF
1 Andreas Englund David Fischer 60 1 2 2
2 Mat Clark T.J Brodie 40 1 2 2
Penalty Kill - 3 Players Forward
Forward Time % Phy DF OF
1 Blake Geoffrion 60 1 2 2
2 Anton Gustafsson 40 1 2 2
Penalty Kill - 3 Players Defense
Defense Defense Time % Phy DF OF
1 Andreas Englund David Fischer 60 1 2 2
2 Mat Clark T.J Brodie 40 1 2 2
4 vs 4 Forward
Center Wing Time % Phy DF OF
1 Blake Geoffrion Anton Gustafsson 60 1 3 1
2 Chris Lawrence Mark McNeill 40 1 3 1
4 vs 4 Defense
Defense Defense Time % Phy DF OF
1 Tony DeAngelo David Fischer 60 1 4 0
2 Mat Clark T.J Brodie 40 1 4 0
Last Minutes Offensive
Center Left Wing Right Wing Defense Defense
Anton Gustafsson Blake Geoffrion Chris Lawrence Mat Clark David Fischer
Last Minutes Defensive
Center Left Wing Right Wing Defense Defense
Anton Gustafsson Blake Geoffrion Chris Lawrence Mat Clark David Fischer
Goaltenders
Starting : Tristan Jarry
Backup : Niklas Svedberg
Extra Forwards
Normal : Scott Laughton, Markus Granlund, Anton Gustafsson - PP : Oskar Lindblom, Joel Armia - PK : Nicolas Kerdiles
Extra Defensemen
Normal : Trevor Van Riemsdyk, Tony DeAngelo, Andreas Englund - PP : Trevor Van Riemsdyk - PK : Tony DeAngelo, Mattias Backman
Penalty Shots
Blake Geoffrion, Anton Gustafsson, Chris Lawrence, Jeremy Welsh, Scott Laughton
Scratches
Ryan Olsen (Healthy), Adam Almquist (Healthy), Stanislav Galiev (Healthy), Mark MacMillan (Healthy), Lucas Wallmark (Healthy)
Troy Bourke (Healthy), Alexandre Mallet (Healthy), Josh Wesley (Healthy), Linus Ullmark (Healthy)
% Time on Ice - Punishers
Lines # - Real PCT - Wanted PCT - Time Play
Normal Forward
1 - 30% - 40% - 16:04
2 - 30% - 30% - 16:04
3 - 25% - 20% - 13:03
4 - 15% - 10% - 7:53
Normal Defense
1 - 35% - 40% - 18:26
2 - 32% - 30% - 17:12
3 - 24% - 20% - 12:45
4 - 9% - 10% - 4:41
PP Forward
1 - 57% - 60% - 1:11
2 - 43% - 40% - 0:53
PP Defense
1 - 59% - 60% - 1:13
2 - 41% - 40% - 0:51
PK Forward
1 - 88% - 60% - 3:04
2 - 12% - 40% - 0:26
PK Defense
1 - 83% - 60% - 2:54
2 - 17% - 40% - 0:36
PK3 Forward
1 - 100% - 60% - 1:22
2 - 0% - 40% - 0:00
PK3 Defense
1 - 61% - 60% - 0:50
2 - 39% - 40% - 0:32
44 Forward
1 - 0% - 60%
2 - 0% - 40%
44 Defense
1 - 0% - 60%
2 - 0% - 40%
Last Minute Offensive - 0:00
Last Minute Defensive - 0:00
Total
Forward - 60:00
Defense - 60:00
|
% Time on Ice - Carnivores
Lines # - Real PCT - Wanted PCT - Time Play
Normal Forward
1 - 34% - 40% - 18:04
2 - 25% - 30% - 13:29
3 - 21% - 20% - 10:53
4 - 20% - 10% - 10:38
Normal Defense
1 - 37% - 40% - 19:26
2 - 31% - 30% - 16:42
3 - 27% - 20% - 14:08
4 - 5% - 10% - 2:48
PP Forward
1 - 61% - 60% - 2:59
2 - 39% - 40% - 1:53
PP Defense
1 - 65% - 60% - 3:09
2 - 35% - 40% - 1:43
PK Forward
1 - 80% - 60% - 1:39
2 - 20% - 40% - 0:25
PK Defense
1 - 54% - 60% - 1:07
2 - 46% - 40% - 0:57
PK3 Forward
1 - 0% - 60%
2 - 0% - 40%
PK3 Defense
1 - 0% - 60%
2 - 0% - 40%
44 Forward
1 - 0% - 60%
2 - 0% - 40%
44 Defense
1 - 0% - 60%
2 - 0% - 40%
Last Minute Offensive - 0:00
Last Minute Defensive - 0:00
Total
Forward - 60:00
Defense - 60:00
|
Play-by-Play
1st period
0:01 of 1st period - Scott Laughton wins face-off versus Zack Hamill in neutral zone.
0:26 of 1st period - Mat Clark is hit by Garret Ross and loses puck.
0:57 of 1st period - Snap shot by Curtis Lazar.
0:57 of 1st period - Shot Misses the Net.
1:08 of 1st period - Off-side.
1:09 of 1st period - Markus Granlund wins face-off versus John Quenneville in neutral zone.
1:12 of 1st period - Jordan Schmaltz is hit by Mark McNeill and loses puck.
1:22 of 1st period - Wrist shot by Jordan Schmaltz.
1:22 of 1st period - Stopped by Tristan Jarry with a rebound.
1:24 of 1st period - Wrist shot by Madison Bowey.
1:24 of 1st period - Stopped by Tristan Jarry with a rebound.
1:34 of 1st period - Robbie Earl is hit by Blake Geoffrion and loses puck.
2:05 of 1st period - Snap shot by Anton Gustafsson.
2:05 of 1st period - Shot Misses the Net.
2:15 of 1st period - Snap shot by Curtis Lazar.
2:15 of 1st period - Deflect By Riley Barber.
2:15 of 1st period - Shot Misses the Net.
2:15 of 1st period - Puck is out of play.
2:16 of 1st period - Curtis Lazar wins face-off versus John Quenneville in Punishers zone.
2:29 of 1st period - Slapshot by Curtis Lazar.
2:29 of 1st period - Shot Blocked by Tyler Bertuzzi.
2:31 of 1st period - Wrist shot by Riley Barber.
2:31 of 1st period - Stopped by Louis Domingue with a rebound.
2:41 of 1st period - Wrist shot by Blake Geoffrion.
2:41 of 1st period - Stopped by Louis Domingue with a rebound.
2:43 of 1st period - Slapshot by Chris Lawrence.
2:43 of 1st period - Deflect By Blake Geoffrion.
2:43 of 1st period - Stopped by Louis Domingue with a rebound.
2:45 of 1st period - Slapshot by Mat Clark.
2:45 of 1st period - Shot Misses the Net.
2:47 of 1st period - Slapshot by David Fischer.
2:47 of 1st period - Shot Hit the Post.
2:49 of 1st period - Snap shot by Mat Clark.
2:49 of 1st period - Shot Blocked by Slava Voynov.
3:03 of 1st period - Mark McNeill is hit by Garret Ross and loses puck.
4:04 of 1st period - Blake Geoffrion is hit by Adam Pelech and loses puck.
4:20 of 1st period - Icing by Adam Pelech.
4:21 of 1st period - Robbie Earl wins face-off versus Mark McNeill in Punishers zone.
4:46 of 1st period - Snap shot by Chris Lawrence.
4:46 of 1st period - Shot Misses the Net.
4:49 of 1st period - Icing by John Quenneville.
4:50 of 1st period - John Quenneville wins face-off versus Scott Laughton in Punishers zone.
5:09 of 1st period - Dylan DeMelo is hit by Chris Lawrence and loses puck.
6:06 of 1st period - Wrist shot by Slava Voynov.
6:06 of 1st period - Shot Misses the Net.
6:10 of 1st period - Wrist shot by John Quenneville.
6:10 of 1st period - Shot Misses the Net.
6:12 of 1st period - Wrist shot by Slava Voynov.
6:12 of 1st period - Shot Blocked by Chris Lawrence.
6:14 of 1st period - Slapshot by Dylan DeMelo.
6:14 of 1st period - Shot Misses the Net.
6:16 of 1st period - Slapshot by Slava Voynov.
6:16 of 1st period - Stopped by Tristan Jarry without a rebound.
6:17 of 1st period - Joel Armia wins face-off versus Zack Hamill in Carnivores zone.
6:17 of 1st period - Joel Armia is hit by Madison Bowey.
7:29 of 1st period - Robbie Earl is hit by Jeremy Welsh and loses puck.
7:49 of 1st period - Slapshot by Radek Faksa.
7:49 of 1st period - Stopped by Tristan Jarry with a rebound.
8:03 of 1st period - Mat Clark is hit by Nikita Gusev and loses puck.
9:32 of 1st period - Wrist shot by Blake Geoffrion.
9:32 of 1st period - Deflect By Joel Armia.
9:32 of 1st period - Stopped by Louis Domingue without a rebound.
9:33 of 1st period - Daniel Audette wins face-off versus Anton Gustafsson in Punishers zone.
9:40 of 1st period - Slapshot by Nikita Gusev.
9:40 of 1st period - Shot Blocked by T.J Brodie.
10:02 of 1st period - Snap shot by Zack Hamill.
10:02 of 1st period - Stopped by Tristan Jarry with a rebound.
10:37 of 1st period - Icing by Adam Pelech.
10:38 of 1st period - Curtis Lazar wins face-off versus Daniel Audette in Punishers zone.
10:49 of 1st period - Wrist shot by Curtis Lazar.
10:49 of 1st period - Shot Misses the Net.
11:13 of 1st period - Mat Clark is hit by Carter Ashton.
11:27 of 1st period - Slapshot by John Quenneville.
11:27 of 1st period - Stopped by Tristan Jarry with a rebound.
11:29 of 1st period - Slapshot by Slava Voynov.
11:29 of 1st period - Shot Misses the Net.
11:35 of 1st period - Mat Clark is hit by Jordan Schmaltz.
11:45 of 1st period - Andreas Englund is hit by Austen Brassard and loses puck.
11:52 of 1st period - Mattias Backman is hit by Garret Ross and loses puck.
12:14 of 1st period - Adam Pelech is hit by Jeremy Welsh and loses puck.
12:27 of 1st period - T.J Brodie is hit by Carter Ashton and loses puck.
12:34 of 1st period - Mark McNeill is hit by Dylan DeMelo and loses puck.
12:45 of 1st period - Madison Bowey is hit by T.J Brodie and loses puck.
12:52 of 1st period - Tony DeAngelo is hit by Slava Voynov and loses puck.
13:07 of 1st period - Adam Pelech is hit by Anton Gustafsson and loses puck.
13:12 of 1st period - Wrist shot by Joel Armia.
13:12 of 1st period - Stopped by Louis Domingue with a rebound.
13:22 of 1st period - Nicolas Kerdiles is hit by Adam Pelech and loses puck.
14:07 of 1st period - Wrist shot by Nicolas Kerdiles.
14:07 of 1st period - Shot Blocked by Jordan Schmaltz.
14:09 of 1st period - Slapshot by Andreas Englund.
14:09 of 1st period - Shot Blocked by Madison Bowey.
14:24 of 1st period - Icing by Nicolas Kerdiles.
14:25 of 1st period - Garret Ross wins face-off versus Anton Gustafsson in Carnivores zone.
14:26 of 1st period - Snap shot by Radek Faksa.
14:26 of 1st period - Stopped by Tristan Jarry without a rebound.
14:27 of 1st period - Radek Faksa wins face-off versus Anton Gustafsson in Carnivores zone.
14:52 of 1st period - Michael Joly is hit by Scott Laughton and loses puck.
15:35 of 1st period - Snap shot by Radek Faksa.
15:35 of 1st period - Deflect By Austen Brassard.
15:35 of 1st period - Stopped by Tristan Jarry with a rebound.
15:37 of 1st period - Snap shot by Slava Voynov.
15:37 of 1st period - Shot Blocked by David Fischer.
15:39 of 1st period - Snap shot by Garret Ross.
15:39 of 1st period - Stopped by Tristan Jarry with a rebound.
15:57 of 1st period - Snap shot by Joel Armia.
15:57 of 1st period - Shot Blocked by Adam Pelech.
16:01 of 1st period - Wrist shot by Chris Lawrence.
16:01 of 1st period - Stopped by Louis Domingue without a rebound.
16:02 of 1st period - Scott Laughton wins face-off versus Radek Faksa in Punishers zone.
16:09 of 1st period - Chris Lawrence is hit by Garret Ross.
16:18 of 1st period - Blake Geoffrion is hit by Madison Bowey.
16:37 of 1st period - Slapshot by Robbie Earl.
16:37 of 1st period - Stopped by Tristan Jarry with a rebound.
16:39 of 1st period - Slapshot by Jordan Schmaltz.
16:39 of 1st period - Shot Blocked by Tony DeAngelo.
16:41 of 1st period - Wrist shot by Carter Ashton.
16:41 of 1st period - Shot Misses the Net.
16:55 of 1st period - Wrist shot by Adam Pelech.
16:55 of 1st period - Stopped by Tristan Jarry with a rebound.
16:57 of 1st period - Slapshot by Adam Pelech.
16:57 of 1st period - Shot Blocked by T.J Brodie.
16:59 of 1st period - Slapshot by Adam Pelech.
16:59 of 1st period - Stopped by Tristan Jarry with a rebound.
17:01 of 1st period - Snap shot by Slava Voynov.
17:01 of 1st period - Stopped by Tristan Jarry with a rebound.
17:11 of 1st period - Snap shot by Jeremy Welsh.
17:11 of 1st period - Stopped by Louis Domingue with a rebound.
17:30 of 1st period - Markus Granlund is hit by Zack Hamill and loses puck.
17:50 of 1st period - Mark McNeill is hit by Slava Voynov and loses puck.
18:03 of 1st period - Madison Bowey is hit by Tony DeAngelo and loses puck.
18:28 of 1st period - Off-side.
18:29 of 1st period - Blake Geoffrion wins face-off versus Daniel Audette in neutral zone.
19:21 of 1st period - Snap shot by Scott Laughton.
19:21 of 1st period - Stopped by Louis Domingue with a rebound.
19:23 of 1st period - Slapshot by Blake Geoffrion.
19:23 of 1st period - Deflect By Scott Laughton.
19:23 of 1st period - Stopped by Louis Domingue without a rebound.
19:24 of 1st period - Zack Hamill wins face-off versus Anton Gustafsson in Punishers zone.
19:24 of 1st period - Zack Hamill is hit by Andreas Englund.
Goals for this period are 0 for Punishers vs 0 for Carnivores.
Shots for this period are 13 for Punishers vs 9 for Carnivores.
2nd period
0:01 of 2nd period - Zack Hamill wins face-off versus Scott Laughton in neutral zone.
0:04 of 2nd period - Mat Clark is hit by Carter Ashton and loses puck.
0:13 of 2nd period - Wrist shot by Robbie Earl.
0:13 of 2nd period - Shot Misses the Net.
0:15 of 2nd period - Slapshot by Slava Voynov.
0:15 of 2nd period - Stopped by Tristan Jarry without a rebound.
0:16 of 2nd period - Radek Faksa wins face-off versus Anton Gustafsson in Carnivores zone.
1:49 of 2nd period - Mattias Backman is hit by Austen Brassard and loses puck.
2:21 of 2nd period - Blake Geoffrion is hit by Carter Ashton and loses puck.
2:38 of 2nd period - Joel Armia is hit by Alex Schoenborn and loses puck.
3:04 of 2nd period - Tony DeAngelo is hit by Adam Pelech and loses puck.
3:25 of 2nd period - Slapshot by Blake Geoffrion.
3:25 of 2nd period - Stopped by Louis Domingue without a rebound.
3:26 of 2nd period - Scott Laughton wins face-off versus Radek Faksa in Punishers zone.
3:45 of 2nd period - Andreas Englund is hit by Austen Brassard and loses puck.
4:08 of 2nd period - Wrist shot by Scott Laughton.
4:08 of 2nd period - Stopped by Louis Domingue without a rebound.
4:09 of 2nd period - Anton Gustafsson wins face-off versus Zack Hamill in Punishers zone.
4:12 of 2nd period - Snap shot by Anton Gustafsson.
4:12 of 2nd period - Stopped by Louis Domingue with a rebound.
4:14 of 2nd period - Slapshot by David Fischer.
4:14 of 2nd period - Stopped by Louis Domingue with a rebound.
4:34 of 2nd period - John Quenneville is hit by David Fischer and loses puck.
5:01 of 2nd period - Alex Schoenborn is hit by Riley Barber and loses puck.
5:08 of 2nd period - Slapshot by Hunter Shinkaruk.
5:08 of 2nd period - Shot Misses the Net.
5:20 of 2nd period - Snap shot by Nikita Gusev.
5:20 of 2nd period - Shot Misses the Net.
5:22 of 2nd period - Slapshot by Robbie Earl.
5:22 of 2nd period - Shot Blocked by Andreas Englund.
5:24 of 2nd period - Slapshot by Zack Hamill.
5:24 of 2nd period - Shot Misses the Net.
5:26 of 2nd period - Snap shot by Carter Ashton.
5:26 of 2nd period - Stopped by Tristan Jarry with a rebound.
5:28 of 2nd period - Backhand shot by Madison Bowey.
5:28 of 2nd period - Shot Misses the Net.
6:08 of 2nd period - Snap shot by Anton Gustafsson.
6:08 of 2nd period - Deflect By Garret Ross.
6:08 of 2nd period - Stopped by Louis Domingue with a rebound.
6:10 of 2nd period - Snap shot by Joel Armia.
6:10 of 2nd period - Stopped by Louis Domingue with a rebound.
6:12 of 2nd period - Wrist shot by Joel Armia.
6:12 of 2nd period - Shot Misses the Net.
6:14 of 2nd period - Snap shot by Jeremy Welsh.
6:14 of 2nd period - Goal by Jeremy Welsh - Punishers : 0 - Carnivores : 1.
6:15 of 2nd period - Zack Hamill wins face-off versus Scott Laughton in neutral zone.
7:12 of 2nd period - Snap shot by Garret Ross.
7:12 of 2nd period - Goal by Garret Ross - Punishers : 1 - Carnivores : 1.
7:13 of 2nd period - Robbie Earl wins face-off versus Scott Laughton in neutral zone.
7:28 of 2nd period - Snap shot by Zack Hamill.
7:28 of 2nd period - Stopped by Tristan Jarry without a rebound.
7:29 of 2nd period - Anton Gustafsson wins face-off versus Radek Faksa in Carnivores zone.
7:54 of 2nd period - Carter Ashton is hit by Mat Clark and loses puck.
8:17 of 2nd period - Wrist shot by Markus Granlund.
8:17 of 2nd period - Stopped by Louis Domingue without a rebound.
8:18 of 2nd period - Zack Hamill wins face-off versus Markus Granlund in Punishers zone.
8:24 of 2nd period - Adam Pelech is hit by Mark McNeill and loses puck.
10:24 of 2nd period - Adam Pelech is hit by Anton Gustafsson and loses puck.
10:35 of 2nd period - Wrist shot by Carter Ashton.
10:35 of 2nd period - Stopped by Tristan Jarry without a rebound.
10:36 of 2nd period - Scott Laughton wins face-off versus Austen Brassard in Carnivores zone.
10:36 of 2nd period - Scott Laughton is hit by Garret Ross.
10:43 of 2nd period - Off-side.
10:44 of 2nd period - Scott Laughton wins face-off versus Radek Faksa in neutral zone.
11:08 of 2nd period - David Fischer is hit by Austen Brassard and loses puck.
11:35 of 2nd period - Radek Faksa is hit by Scott Laughton and loses puck.
11:50 of 2nd period - Slapshot by Scott Laughton.
11:50 of 2nd period - Stopped by Louis Domingue with a rebound.
12:13 of 2nd period - Snap shot by Garret Ross.
12:13 of 2nd period - Shot Misses the Net.
12:27 of 2nd period - Mattias Backman is hit by Austen Brassard and loses puck.
12:36 of 2nd period - Snap shot by Blake Geoffrion.
12:36 of 2nd period - Shot Blocked by Madison Bowey.
12:48 of 2nd period - Snap shot by Blake Geoffrion.
12:48 of 2nd period - Goal by Blake Geoffrion - Punishers : 1 - Carnivores : 2.
12:49 of 2nd period - Zack Hamill wins face-off versus Joel Armia in neutral zone.
12:54 of 2nd period - Wrist shot by Jeremy Welsh.
12:54 of 2nd period - Goal by Jeremy Welsh - Punishers : 1 - Carnivores : 3.
12:55 of 2nd period - Jeremy Welsh wins face-off versus Zack Hamill in neutral zone.
13:45 of 2nd period - Wrist shot by Robbie Earl.
13:45 of 2nd period - Stopped by Tristan Jarry without a rebound.
13:46 of 2nd period - John Quenneville wins face-off versus Anton Gustafsson in Carnivores zone.
14:01 of 2nd period - T.J Brodie is hit by Michael Joly and loses puck.
15:03 of 2nd period - Snap shot by Radek Faksa.
15:03 of 2nd period - Stopped by Tristan Jarry with a rebound.
15:24 of 2nd period - Slapshot by David Fischer.
15:24 of 2nd period - Stopped by Louis Domingue without a rebound.
15:25 of 2nd period - Anton Gustafsson wins face-off versus Zack Hamill in Punishers zone.
15:34 of 2nd period - Snap shot by Jeremy Welsh.
15:34 of 2nd period - Stopped by Louis Domingue without a rebound.
15:35 of 2nd period - Zack Hamill wins face-off versus Anton Gustafsson in Punishers zone.
15:45 of 2nd period - Minor Penalty to Carter Ashton for Holding.
15:46 of 2nd period - Zack Hamill wins face-off versus Scott Laughton in Punishers zone.
15:56 of 2nd period - Slapshot by Blake Geoffrion.
15:56 of 2nd period - Shot Blocked by Adam Pelech.
16:02 of 2nd period - Wrist shot by Scott Laughton.
16:02 of 2nd period - Stopped by Louis Domingue without a rebound.
16:03 of 2nd period - Scott Laughton wins face-off versus Zack Hamill in Punishers zone.
16:22 of 2nd period - Minor Penalty to Zack Hamill for Tripping.
16:23 of 2nd period - Scott Laughton wins face-off versus Nikita Gusev in Punishers zone.
16:38 of 2nd period - Snap shot by Chris Lawrence.
16:38 of 2nd period - Stopped by Louis Domingue with a rebound.
17:02 of 2nd period - Radek Faksa is hit by Chris Lawrence and loses puck.
17:45 of 2nd period - Penalty to Carter Ashton is over, Carter Ashton is back on ice.
17:56 of 2nd period - Robbie Earl is hit by Jeremy Welsh and loses puck.
18:22 of 2nd period - Penalty to Zack Hamill is over, Zack Hamill is back on ice.
19:11 of 2nd period - Penalty Shot by Anton Gustafsson for Carnivores.
19:11 of 2nd period - Deke by Anton Gustafsson.
19:11 of 2nd period - Shot Misses the Net.
19:12 of 2nd period - Curtis Lazar wins face-off versus Radek Faksa in Carnivores zone.
19:23 of 2nd period - Snap shot by Curtis Lazar.
19:23 of 2nd period - Shot Misses the Net.
19:25 of 2nd period - Snap shot by Mat Clark.
19:25 of 2nd period - Shot Misses the Net.
19:41 of 2nd period - Off-side.
19:42 of 2nd period - Scott Laughton wins face-off versus John Quenneville in neutral zone.
19:47 of 2nd period - Wrist shot by Tony DeAngelo.
19:47 of 2nd period - Stopped by Louis Domingue with a rebound.
19:53 of 2nd period - T.J Brodie is hit by Tyler Bertuzzi and loses puck.
Goals for this period are 1 for Punishers vs 3 for Carnivores.
Shots for this period are 7 for Punishers vs 16 for Carnivores.
3rd period
0:01 of 3rd period - Chris Lawrence wins face-off versus Zack Hamill in neutral zone.
0:22 of 3rd period - Minor Penalty to Adam Pelech for Boarding.
0:23 of 3rd period - Zack Hamill wins face-off versus Scott Laughton in Punishers zone.
0:48 of 3rd period - Wrist shot by Joel Armia.
0:48 of 3rd period - Stopped by Louis Domingue without a rebound.
0:49 of 3rd period - Zack Hamill wins face-off versus Scott Laughton in Punishers zone.
1:34 of 3rd period - Chris Lawrence is hit by Jordan Schmaltz and loses puck.
1:41 of 3rd period - Slapshot by Carter Ashton.
1:41 of 3rd period - Shot Misses the Net.
2:22 of 3rd period - Penalty to Adam Pelech is over, Adam Pelech is back on ice.
2:25 of 3rd period - Icing by Slava Voynov.
2:26 of 3rd period - Carter Ashton wins face-off versus Markus Granlund in Punishers zone.
2:36 of 3rd period - Off-side.
2:37 of 3rd period - John Quenneville wins face-off versus Curtis Lazar in neutral zone.
2:50 of 3rd period - Snap shot by John Quenneville.
2:50 of 3rd period - Shot Misses the Net.
3:10 of 3rd period - Snap shot by Zack Hamill.
3:10 of 3rd period - Shot Blocked by Joel Armia.
3:12 of 3rd period - Slapshot by Slava Voynov.
3:12 of 3rd period - Shot Blocked by Jeremy Welsh.
3:24 of 3rd period - Wrist shot by Chris Lawrence.
3:24 of 3rd period - Shot Misses the Net.
3:32 of 3rd period - Blake Geoffrion is hit by Austen Brassard.
4:31 of 3rd period - Minor Penalty to Hunter Shinkaruk for Hooking.
4:32 of 3rd period - Zack Hamill wins face-off versus Blake Geoffrion in Carnivores zone.
4:32 of 3rd period - Wrist shot by Robbie Earl.
4:32 of 3rd period - Deflect By Carter Ashton.
4:32 of 3rd period - Stopped by Tristan Jarry with a rebound.
4:34 of 3rd period - Snap shot by Robbie Earl.
4:34 of 3rd period - Shot Blocked by T.J Brodie.
4:36 of 3rd period - Slapshot by Adam Pelech.
4:36 of 3rd period - Goal by Adam Pelech - Punishers : 2 - Carnivores : 3.
4:37 of 3rd period - Zack Hamill wins face-off versus Scott Laughton in neutral zone.
4:40 of 3rd period - Slapshot by Slava Voynov.
4:40 of 3rd period - Stopped by Tristan Jarry with a rebound.
5:04 of 3rd period - David Fischer is hit by Garret Ross and loses puck.
5:09 of 3rd period - Slapshot by Garret Ross.
5:09 of 3rd period - Shot Misses the Net.
5:45 of 3rd period - Snap shot by Madison Bowey.
5:45 of 3rd period - Deflect By Zack Hamill.
5:45 of 3rd period - Shot Misses the Net.
5:45 of 3rd period - Puck is out of play.
5:46 of 3rd period - Zack Hamill wins face-off versus Scott Laughton in Carnivores zone.
6:00 of 3rd period - Minor Penalty to Chris Lawrence for Goalie Interference.
6:01 of 3rd period - Zack Hamill wins face-off versus Blake Geoffrion in Carnivores zone.
7:22 of 3rd period - Zack Hamill is hit by Nicolas Kerdiles and loses puck.
8:00 of 3rd period - Penalty to Chris Lawrence is over, Chris Lawrence is back on ice.
8:19 of 3rd period - T.J Brodie is hit by John Quenneville and loses puck.
8:32 of 3rd period - Daniel Audette is hit by Anton Gustafsson and loses puck.
8:59 of 3rd period - Michael Joly is hit by David Fischer and loses puck.
9:59 of 3rd period - Joel Armia is hit by Slava Voynov and loses puck.
10:06 of 3rd period - Adam Pelech is hit by Anton Gustafsson and loses puck.
10:46 of 3rd period - Slava Voynov is hit by Curtis Lazar and loses puck.
11:33 of 3rd period - Slapshot by Adam Pelech.
11:33 of 3rd period - Shot Blocked by Hunter Shinkaruk.
11:35 of 3rd period - Slapshot by Slava Voynov.
11:35 of 3rd period - Shot Misses the Net.
11:46 of 3rd period - Off-side.
11:47 of 3rd period - Scott Laughton wins face-off versus Radek Faksa in neutral zone.
11:58 of 3rd period - Icing by Jordan Schmaltz.
11:59 of 3rd period - Scott Laughton wins face-off versus Radek Faksa in Punishers zone.
12:24 of 3rd period - Snap shot by Radek Faksa.
12:24 of 3rd period - Shot Misses the Net.
12:26 of 3rd period - Snap shot by Radek Faksa.
12:26 of 3rd period - Shot Blocked by David Fischer.
12:28 of 3rd period - Slapshot by Garret Ross.
12:28 of 3rd period - Shot Misses the Net.
12:30 of 3rd period - Slapshot by Jordan Schmaltz.
12:30 of 3rd period - Stopped by Tristan Jarry with a rebound.
12:32 of 3rd period - Wrist shot by Garret Ross.
12:32 of 3rd period - Stopped by Tristan Jarry with a rebound.
12:34 of 3rd period - Wrist shot by Madison Bowey.
12:34 of 3rd period - Shot Misses the Net.
12:36 of 3rd period - Snap shot by Madison Bowey.
12:36 of 3rd period - Shot Blocked by Anton Gustafsson.
12:52 of 3rd period - Snap shot by Radek Faksa.
12:52 of 3rd period - Stopped by Tristan Jarry with a rebound.
13:06 of 3rd period - Snap shot by Radek Faksa.
13:06 of 3rd period - Shot Misses the Net.
13:08 of 3rd period - Snap shot by Garret Ross.
13:08 of 3rd period - Stopped by Tristan Jarry with a rebound.
13:22 of 3rd period - Wrist shot by Garret Ross.
13:22 of 3rd period - Shot Misses the Net.
13:24 of 3rd period - Slapshot by Madison Bowey.
13:24 of 3rd period - Stopped by Tristan Jarry with a rebound.
13:26 of 3rd period - Slapshot by Madison Bowey.
13:26 of 3rd period - Shot Misses the Net.
13:28 of 3rd period - Slapshot by Madison Bowey.
13:28 of 3rd period - Shot Misses the Net.
13:30 of 3rd period - Slapshot by Jordan Schmaltz.
13:30 of 3rd period - Stopped by Tristan Jarry without a rebound.
13:31 of 3rd period - John Quenneville wins face-off versus Scott Laughton in Carnivores zone.
13:40 of 3rd period - Slapshot by T.J Brodie.
13:40 of 3rd period - Shot Blocked by Adam Pelech.
13:42 of 3rd period - Snap shot by Blake Geoffrion.
13:42 of 3rd period - Shot Blocked by Slava Voynov.
13:44 of 3rd period - Snap shot by T.J Brodie.
13:44 of 3rd period - Stopped by Louis Domingue with a rebound.
13:46 of 3rd period - Wrist shot by Scott Laughton.
13:46 of 3rd period - Stopped by Louis Domingue with a rebound.
13:56 of 3rd period - Slava Voynov is hit by Riley Barber and loses puck.
14:36 of 3rd period - Slapshot by Tony DeAngelo.
14:36 of 3rd period - Stopped by Louis Domingue with a rebound.
14:44 of 3rd period - Snap shot by Riley Barber.
14:44 of 3rd period - Shot Misses the Net.
14:46 of 3rd period - Snap shot by Curtis Lazar.
14:46 of 3rd period - Stopped by Louis Domingue with a rebound.
14:48 of 3rd period - Wrist shot by Hunter Shinkaruk.
14:48 of 3rd period - Shot Blocked by Dylan DeMelo.
15:10 of 3rd period - Slapshot by T.J Brodie.
15:10 of 3rd period - Deflect By Curtis Lazar.
15:10 of 3rd period - Shot Blocked by Dylan DeMelo.
15:10 of 3rd period - Puck is out of play.
15:11 of 3rd period - Zack Hamill wins face-off versus Markus Granlund in Punishers zone.
15:13 of 3rd period - Minor Penalty to Carter Ashton for Holding.
15:14 of 3rd period - Scott Laughton wins face-off versus Zack Hamill in Punishers zone.
15:26 of 3rd period - Slapshot by Blake Geoffrion.
15:26 of 3rd period - Stopped by Louis Domingue with a rebound.
15:28 of 3rd period - Slapshot by David Fischer.
15:28 of 3rd period - Stopped by Louis Domingue with a rebound.
15:30 of 3rd period - Snap shot by Scott Laughton.
15:30 of 3rd period - Goal by Scott Laughton - Punishers : 2 - Carnivores : 4.
15:31 of 3rd period - Zack Hamill wins face-off versus Markus Granlund in neutral zone.
15:56 of 3rd period - Adam Pelech is hit by Mat Clark and loses puck.
16:21 of 3rd period - Wrist shot by Nikita Gusev.
16:21 of 3rd period - Shot Blocked by Mat Clark.
16:23 of 3rd period - Snap shot by Daniel Audette.
16:23 of 3rd period - Shot Blocked by David Fischer.
16:25 of 3rd period - Snap shot by Daniel Audette.
16:25 of 3rd period - Stopped by Tristan Jarry without a rebound.
16:26 of 3rd period - Markus Granlund wins face-off versus Zack Hamill in Carnivores zone.
16:33 of 3rd period - Snap shot by Nicolas Kerdiles.
16:33 of 3rd period - Shot Blocked by Carter Ashton.
16:35 of 3rd period - Slapshot by Tony DeAngelo.
16:35 of 3rd period - Stopped by Louis Domingue with a rebound.
16:37 of 3rd period - Slapshot by Tony DeAngelo.
16:37 of 3rd period - Shot Misses the Net.
17:30 of 3rd period - Anton Gustafsson is hit by Zack Hamill and loses puck.
17:35 of 3rd period - Snap shot by Zack Hamill.
17:35 of 3rd period - Shot Misses the Net.
18:07 of 3rd period - Slapshot by Garret Ross.
18:07 of 3rd period - Shot Misses the Net.
18:24 of 3rd period - Off-side.
18:25 of 3rd period - Scott Laughton wins face-off versus John Quenneville in neutral zone.
19:15 of 3rd period - Wrist shot by Chris Lawrence.
19:15 of 3rd period - Stopped by Louis Domingue without a rebound.
19:16 of 3rd period - Radek Faksa wins face-off versus Markus Granlund in Punishers zone.
19:25 of 3rd period - Snap shot by Radek Faksa.
19:25 of 3rd period - Stopped by Tristan Jarry with a rebound.
19:33 of 3rd period - Slava Voynov is hit by Anton Gustafsson and loses puck.
19:41 of 3rd period - Icing by Dylan DeMelo.
19:42 of 3rd period - Radek Faksa wins face-off versus Scott Laughton in Punishers zone.
19:42 of 3rd period - Radek Faksa is hit by T.J Brodie.
Goals for this period are 1 for Punishers vs 1 for Carnivores.
Shots for this period are 11 for Punishers vs 10 for Carnivores.
Back to the Top